[ AOE2 MATCH · #474825787 ]
Team RMCelts vs Slavs
[ REPLAY ANALYSIS · EXTRACTED FROM THE RECORDED GAME ]
Feudal
12:30
Castle
16:13
Imperial
34:06
| APM avg | 38.8 |
| APM peak | 95 |
| eAPM avg | 22.2 |
| Villagers / military | 152 / 107 |
Focus
⚔️ 18.2% · 🌾 81.8%
Skirmisher ×60 · Mangonel ×37 · Battering Ram ×4 · Scorpion ×4 · Monk ×2
Feudal
11:38
Castle
15:40
Imperial
31:47
| APM avg | 25.2 |
| APM peak | 51 |
| eAPM avg | 17.3 |
| Villagers / military | 165 / 298 |
Focus
⚔️ 24.6% · 🌾 75.4%
Spearman ×170 · Skirmisher ×105 · Boyar ×23 · Trade Cart ×9
Feudal
12:00
Castle
16:12
Imperial
31:24
| APM avg | 32.3 |
| APM peak | 58 |
| eAPM avg | 23.5 |
| Villagers / military | 154 / 208 |
Focus
⚔️ 38.1% · 🌾 61.9%
Spearman ×126 · Hand Cannoneer ×60 · Bombard Cannon ×9 · Trebuchet (Packed) ×7 · Hussite Wagon ×5 · Mangonel ×1
Feudal
10:57
Castle
14:54
Imperial
31:21
| APM avg | 18.9 |
| APM peak | 32 |
| eAPM avg | 12.9 |
| Villagers / military | 130 / 188 |
Focus
⚔️ 27.4% · 🌾 72.6%
Spearman ×165 · Trade Cart ×22 · Bombard Cannon ×17 · Hussite Wagon ×4 · Monk ×2
Feudal
10:50
Castle
14:56
Imperial
33:19
| APM avg | 23.1 |
| APM peak | 51 |
| eAPM avg | 17.4 |
| Villagers / military | 163 / 213 |
Focus
⚔️ 28.9% · 🌾 71.1%
War Elephant ×193 · Trade Cart ×10 · Knight ×9 · Trebuchet (Packed) ×8 · Monk ×3
Feudal
11:17
Castle
15:45
Imperial
31:04
| APM avg | 32.3 |
| APM peak | 86 |
| eAPM avg | 22.4 |
| Villagers / military | 147 / 233 |
Focus
⚔️ 44.6% · 🌾 55.4%
Spearman ×143 · Militia ×57 · Samurai ×19 · Trebuchet (Packed) ×9 · Trade Cart ×4 · Mangonel ×3
Feudal
11:56
Castle
15:51
Imperial
28:59
| APM avg | 45.0 |
| APM peak | 90 |
| eAPM avg | 19.2 |
| Villagers / military | 129 / 182 |
Focus
⚔️ 35.6% · 🌾 64.4%
Mangudai ×80 · Scout Cavalry ×57 · Battering Ram ×44 · Trade Cart ×5 · Monk ×1
Feudal
10:41
Castle
14:12
Imperial
28:42
| APM avg | 41.4 |
| APM peak | 89 |
| eAPM avg | 22.1 |
| Villagers / military | 154 / 290 |
Focus
⚔️ 26.4% · 🌾 73.6%
Elephant Archer ×245 · Skirmisher ×45 · Trade Cart ×14
Match map
Initial resources + every placement click. Lines = walls · curves = elevation contours. ◆ gold · ⬟ stone · ● berries · ✦ relic · ◌ wall gap
Your base· ✓ Closed at 16:13 · 43t walls · 1 gate(s)
The_Only_Koala's base· Open — opponent sealed themselves in
jetty8282-S.Korean's base· ✓ Closed at 16:12 · 44t walls · no gate
moneyfusion06's base· Open — opponent sealed themselves in
Anago's base· ✓ Closed at 14:56 · 0t walls · no gate
Pozithron's base· Open — opponent sealed themselves in
結城結弦's base· ✓ Closed at 15:51 · 0t walls · no gate
Ducky4302's base· Open — opponent sealed themselves in
Smoothed initial terrain · ◌ = detected wall gap · hover for details
Inputs per minute
— tanuki0912 - - The_Only_Koala
Build order — tanuki0912
First 150 of 396 actions detected
| 0:01 | Research | Loom |
| 0:02 | Create | Villager (Male) |
| 0:02 | Create | Villager (Male) |
| 0:02 | Create | Villager (Male) |
| 0:03 | Create | Villager (Male) |
| 0:03 | Create | Villager (Male) |
| 0:04 | Build | House |
| 0:06 | Build | House |
| 0:32 | Build | Palisade Wall |
| 1:14 | Build | Palisade Wall |
| 1:36 | Build | Palisade Wall |
| 1:54 | Create | Villager (Male) |
| 2:40 | Create | Villager (Male) |
| 2:51 | Build | Lumber Camp |
| 2:51 | Build | Lumber Camp |
| 3:12 | Build | House |
| 3:20 | Create | Villager (Male) |
| 3:41 | Create | Villager (Male) |
| 4:02 | Create | Villager (Male) |
| 4:35 | Create | Villager (Male) |
| 5:07 | Create | Villager (Male) |
| 5:36 | Create | Villager (Male) |
| 5:41 | Build | Mill |
| 6:01 | Create | Villager (Male) |
| 6:25 | Create | Villager (Male) |
| 6:57 | Create | Villager (Male) |
| 7:01 | Create | Villager (Male) |
| 7:09 | Build | House |
| 7:14 | Create | Villager (Male) |
| 7:53 | Create | Villager (Male) |
| 8:01 | Build | House |
| 8:14 | Create | Villager (Male) |
| 8:19 | Build | Mining Camp |
| 8:47 | Create | Villager (Male) |
| 8:48 | Create | Villager (Male) |
| 9:31 | Create | Villager (Male) |
| 10:20 | Research | Feudal Age |
| 11:16 | Create | Villager (Male) |
| 11:16 | Create | Villager (Male) |
| 12:30 | Age | Feudal Age |
| 12:33 | Build | Blacksmith |
| 12:38 | Build | Market |
| 13:33 | Research | Castle Age |
| 14:07 | Build | Stone Wall |
| 14:09 | Build | Stone Wall |
| 14:11 | Build | Stone Wall |
| 14:20 | Build | Gate |
| 14:31 | Research | Double-Bit Axe |
| 14:47 | Build | House |
| 14:50 | Build | House |
| 14:58 | Research | Gold Mining |
| 15:11 | Create | Villager (Male) |
| 16:01 | Create | Villager (Male) |
| 16:01 | Create | Villager (Male) |
| 16:13 | Age | Castle Age |
| 16:17 | Build | Siege Workshop |
| 16:23 | Build | Siege Workshop |
| 16:41 | Build | Siege Workshop |
| 16:48 | Create | Villager (Male) |
| 16:53 | Build | Farm |
| 17:01 | Create | Battering Ram ×2 |
| 17:11 | Create | Villager (Male) |
| 17:14 | Create | Battering Ram |
| 17:31 | Create | Villager (Male) |
| 17:52 | Build | Lumber Camp |
| 17:53 | Create | Villager (Male) |
| 17:57 | Create | Battering Ram |
| 18:08 | Create | Scorpion |
| 18:09 | Create | Villager (Male) |
| 18:23 | Build | Farm |
| 18:28 | Create | Scorpion |
| 18:37 | Build | House |
| 18:41 | Build | House |
| 18:46 | Create | Scorpion |
| 18:51 | Build | Farm |
| 19:20 | Create | Scorpion |
| 19:25 | Build | Farm |
| 19:53 | Create | Villager (Male) |
| 20:00 | Build | Town Center |
| 20:06 | Build | Farm |
| 20:08 | Build | Farm |
| 20:14 | Create | Villager (Male) |
| 20:17 | Build | Farm |
| 20:21 | Build | Farm |
| 20:28 | Research | Horse Collar |
| 20:40 | Build | House |
| 20:43 | Build | House |
| 20:48 | Create | Villager (Male) |
| 20:59 | Build | Farm |
| 21:08 | Create | Villager (Male) |
| 21:23 | Build | House |
| 21:27 | Create | Villager (Male) |
| 21:47 | Build | Farm |
| 21:49 | Create | Villager (Male) |
| 22:18 | Create | Villager (Male) |
| 22:20 | Create | Villager (Male) |
| 22:41 | Build | Town Center |
| 22:43 | Create | Villager (Male) |
| 22:49 | Create | Villager (Male) |
| 22:56 | Build | Farm |
| 22:57 | Build | Farm |
| 22:58 | Build | Farm |
| 23:00 | Build | Farm |
| 23:04 | Build | Farm |
| 23:06 | Create | Villager (Male) |
| 23:10 | Build | Farm |
| 23:11 | Build | Farm |
| 23:12 | Build | Farm |
| 23:38 | Create | Villager (Male) |
| 23:38 | Create | Villager (Male) |
| 23:38 | Create | Villager (Male) |
| 23:39 | Create | Villager (Male) |
| 23:45 | Build | Farm |
| 23:48 | Create | Villager (Male) |
| 23:51 | Build | Farm |
| 23:53 | Build | Farm |
| 24:01 | Create | Villager (Male) |
| 24:18 | Create | Villager (Male) |
| 24:20 | Create | Villager (Male) |
| 24:23 | Create | Mangonel |
| 24:32 | Build | Farm |
| 24:33 | Build | Farm |
| 24:34 | Create | Villager (Male) |
| 24:45 | Build | House |
| 24:48 | Build | House |
| 24:52 | Create | Villager (Male) |
| 24:56 | Create | Villager (Male) |
| 25:01 | Create | Villager (Male) |
| 25:07 | Create | Villager (Male) |
| 25:28 | Create | Villager (Male) |
| 25:30 | Create | Villager (Male) |
| 25:33 | Create | Villager (Male) |
| 25:38 | Build | Mining Camp |
| 25:42 | Create | Villager (Male) |
| 25:43 | Create | Villager (Male) |
| 25:47 | Build | Farm |
| 25:50 | Build | Farm |
| 25:51 | Build | Farm |
| 25:57 | Build | House |
| 26:04 | Create | Villager (Male) |
| 26:10 | Build | House |
| 26:13 | Build | House |
| 26:15 | Create | Villager (Male) |
| 26:16 | Create | Villager (Male) |
| 26:18 | Create | Villager (Male) |
| 26:28 | Research | Heavy Plow |
| 26:29 | Create | Villager (Male) |
| 26:33 | Build | Farm |
| 26:34 | Build | Farm |
| 26:36 | Build | Farm |
Build order — The_Only_Koala
First 150 of 473 actions detected
| 0:02 | Build | House |
| 0:03 | Build | House |
| 0:04 | Create | Villager (Male) |
| 0:04 | Create | Villager (Male) |
| 0:05 | Create | Villager (Male) |
| 0:29 | Create | Villager (Male) |
| 1:29 | Create | Villager (Male) |
| 2:03 | Build | Palisade Wall |
| 2:06 | Research | Loom |
| 2:07 | Create | Villager (Male) |
| 2:26 | Create | Villager (Male) |
| 3:06 | Build | Palisade Wall |
| 3:08 | Create | Villager (Male) |
| 3:36 | Create | Villager (Male) |
| 3:54 | Build | Lumber Camp |
| 4:00 | Create | Villager (Male) |
| 4:33 | Create | Villager (Male) |
| 4:46 | Build | House |
| 5:12 | Build | Palisade Wall |
| 5:16 | Create | Villager (Male) |
| 5:30 | Create | Villager (Male) |
| 5:30 | Create | Villager (Male) |
| 5:47 | Build | Mill |
| 6:07 | Create | Villager (Male) |
| 6:07 | Create | Villager (Male) |
| 6:27 | Create | Villager (Male) |
| 6:39 | Create | Villager (Male) |
| 7:16 | Build | House |
| 7:19 | Build | House |
| 7:26 | Build | Mining Camp |
| 7:49 | Create | Villager (Male) |
| 8:19 | Create | Villager (Male) |
| 8:33 | Create | Villager (Male) |
| 9:14 | Build | House |
| 9:28 | Research | Feudal Age |
| 9:29 | Research | Feudal Age |
| 10:17 | Create | Villager (Male) |
| 10:17 | Create | Villager (Male) |
| 11:38 | Age | Feudal Age |
| 11:47 | Build | Market |
| 11:50 | Build | Blacksmith |
| 12:11 | Create | Villager (Male) |
| 12:35 | Build | Farm |
| 12:37 | Build | Farm |
| 12:41 | Build | Farm |
| 13:00 | Research | Castle Age |
| 14:15 | Build | Farm |
| 14:17 | Research | Double-Bit Axe |
| 14:44 | Research | Horse Collar |
| 14:50 | Research | Gold Mining |
| 15:31 | Research | Wheelbarrow |
| 15:40 | Age | Castle Age |
| 15:40 | Research | Bow Saw |
| 15:41 | Research | Bow Saw |
| 16:09 | Research | Heavy Plow |
| 16:22 | Build | Farm |
| 16:25 | Build | Farm |
| 16:43 | Create | Villager (Male) |
| 16:45 | Create | Villager (Male) |
| 17:22 | Create | Villager (Male) |
| 17:33 | Build | Town Center |
| 17:55 | Build | Farm |
| 17:58 | Build | Farm |
| 18:03 | Build | Farm |
| 18:07 | Build | Farm |
| 18:09 | Create | Villager (Male) |
| 18:15 | Create | Villager (Male) |
| 18:18 | Create | Villager (Male) |
| 18:21 | Build | Farm |
| 18:41 | Build | House |
| 18:42 | Build | House |
| 18:42 | Build | House |
| 19:10 | Build | Town Center |
| 19:12 | Create | Villager (Male) |
| 19:24 | Create | Villager (Male) |
| 19:32 | Build | Farm |
| 19:36 | Build | Farm |
| 19:42 | Build | House |
| 19:43 | Build | House |
| 19:46 | Build | House |
| 19:51 | Build | House |
| 19:52 | Build | House |
| 19:54 | Create | Villager (Male) |
| 19:57 | Build | Farm |
| 20:11 | Build | Farm |
| 20:17 | Create | Villager (Male) |
| 20:17 | Create | Villager (Male) |
| 20:30 | Build | House |
| 20:31 | Build | House |
| 20:43 | Research | Hand Cart |
| 20:48 | Build | Farm |
| 21:01 | Create | Villager (Male) |
| 21:03 | Build | Farm |
| 21:11 | Create | Villager (Male) |
| 21:16 | Build | House |
| 21:17 | Build | House |
| 21:25 | Create | Villager (Male) |
| 21:27 | Create | Villager (Male) |
| 21:29 | Create | Villager (Male) |
| 21:39 | Build | Farm |
| 21:48 | Create | Villager (Male) |
| 22:00 | Create | Villager (Male) |
| 22:03 | Build | Farm |
| 22:11 | Create | Villager (Male) |
| 22:12 | Create | Villager (Male) |
| 22:25 | Create | Villager (Male) |
| 22:26 | Create | Villager (Male) |
| 22:26 | Create | Villager (Male) |
| 22:47 | Create | Villager (Male) |
| 22:56 | Build | Mining Camp |
| 22:59 | Create | Villager (Male) |
| 23:02 | Create | Villager (Male) |
| 23:02 | Create | Villager (Male) |
| 23:07 | Build | Mining Camp |
| 23:10 | Research | Stone Mining |
| 23:17 | Create | Villager (Male) |
| 23:20 | Research | Caravan |
| 23:27 | Create | Trade Cart ×5 |
| 23:29 | Create | Villager (Male) |
| 23:32 | Build | Farm |
| 23:32 | Build | Farm |
| 23:41 | Build | House |
| 23:42 | Build | House |
| 23:43 | Build | House |
| 23:46 | Build | House |
| 23:47 | Build | House |
| 23:48 | Build | House |
| 23:55 | Create | Villager (Male) |
| 23:55 | Create | Villager (Male) |
| 23:56 | Create | Villager (Male) |
| 23:56 | Create | Villager (Male) |
| 23:59 | Create | Villager (Male) |
| 23:59 | Create | Villager (Male) |
| 24:04 | Build | Farm |
| 24:12 | Build | Farm |
| 24:20 | Create | Villager (Male) |
| 24:25 | Build | Farm |
| 24:32 | Research | Gold Shaft Mining |
| 24:35 | Create | Villager (Male) |
| 24:38 | Create | Villager (Male) |
| 24:44 | Build | Mill |
| 24:48 | Build | Farm |
| 24:48 | Build | Farm |
| 24:49 | Build | Farm |
| 24:53 | Build | Farm |
| 25:01 | Build | Farm |
| 25:05 | Create | Villager (Male) |
| 25:05 | Create | Villager (Male) |
| 25:08 | Build | Farm |
| 25:08 | Build | Farm |
Build order — jetty8282-S.Korean
First 150 of 470 actions detected
| 0:01 | Create | Villager (Male) |
| 0:01 | Create | Villager (Male) |
| 0:02 | Create | Villager (Male) |
| 0:02 | Create | Villager (Male) |
| 0:03 | Build | House |
| 0:04 | Build | House |
| 0:37 | Research | Loom |
| 0:50 | Build | Palisade Wall |
| 0:56 | Create | Villager (Male) |
| 0:56 | Create | Villager (Male) |
| 0:56 | Create | Villager (Male) |
| 1:24 | Build | Lumber Camp |
| 2:00 | Create | Villager (Male) |
| 2:00 | Create | Villager (Male) |
| 2:14 | Build | Palisade Wall |
| 2:40 | Create | Villager (Male) |
| 2:40 | Create | Villager (Male) |
| 3:02 | Build | Palisade Wall |
| 3:03 | Build | House |
| 3:10 | Create | Villager (Male) |
| 3:39 | Create | Villager (Male) |
| 3:39 | Create | Villager (Male) |
| 4:05 | Create | Villager (Male) |
| 4:05 | Create | Villager (Male) |
| 4:38 | Build | Palisade Wall |
| 4:40 | Create | Villager (Male) |
| 4:40 | Create | Villager (Male) |
| 4:53 | Create | Villager (Male) |
| 4:54 | Create | Villager (Male) |
| 5:11 | Create | Villager (Male) |
| 5:11 | Create | Villager (Male) |
| 5:34 | Build | Mill |
| 5:39 | Create | Villager (Male) |
| 5:39 | Create | Villager (Male) |
| 5:39 | Create | Villager (Male) |
| 6:06 | Create | Villager (Male) |
| 6:06 | Create | Villager (Male) |
| 6:52 | Build | House |
| 7:13 | Create | Villager (Male) |
| 7:47 | Create | Villager (Male) |
| 7:48 | Create | Villager (Male) |
| 8:12 | Create | Villager (Male) |
| 8:29 | Build | House |
| 8:35 | Create | Villager (Male) |
| 8:48 | Build | Mining Camp |
| 8:56 | Create | Villager (Male) |
| 9:50 | Research | Feudal Age |
| 11:21 | Create | Villager (Male) |
| 11:22 | Create | Villager (Male) |
| 11:54 | Build | Farm |
| 12:00 | Age | Feudal Age |
| 12:14 | Build | Market |
| 12:17 | Build | Blacksmith |
| 12:18 | Create | Villager (Male) |
| 12:29 | Build | Farm |
| 12:49 | Build | Farm |
| 13:32 | Research | Castle Age |
| 13:43 | Build | Stone Wall |
| 13:45 | Build | Stone Wall |
| 13:46 | Build | Stone Wall |
| 13:58 | Build | Stone Wall |
| 14:12 | Build | Mining Camp |
| 15:09 | Build | Stone Wall |
| 15:26 | Build | Blacksmith |
| 15:35 | Build | House |
| 15:47 | Research | Double-Bit Axe |
| 16:12 | Age | Castle Age |
| 16:20 | Research | Horse Collar |
| 16:20 | Research | Horse Collar |
| 16:29 | Create | Villager (Male) |
| 16:29 | Create | Villager (Male) |
| 16:47 | Research | Bow Saw |
| 16:47 | Research | Bow Saw |
| 16:56 | Create | Villager (Male) |
| 17:03 | Build | Town Center |
| 17:05 | Create | Villager (Male) |
| 17:19 | Create | Villager (Male) |
| 17:35 | Research | Heavy Plow |
| 17:35 | Research | Heavy Plow |
| 17:46 | Build | House |
| 17:49 | Build | House |
| 17:50 | Build | House |
| 18:21 | Create | Villager (Male) |
| 18:38 | Create | Villager (Male) |
| 18:38 | Create | Villager (Male) |
| 18:46 | Build | Castle |
| 19:08 | Build | Farm |
| 19:10 | Build | Farm |
| 19:11 | Build | Farm |
| 19:12 | Build | Farm |
| 19:14 | Build | Farm |
| 19:22 | Create | Villager (Male) |
| 19:22 | Create | Villager (Male) |
| 19:30 | Create | Villager (Male) |
| 19:33 | Build | Farm |
| 19:34 | Build | Farm |
| 20:05 | Create | Villager (Male) |
| 20:16 | Create | Hussite Wagon |
| 20:19 | Create | Villager (Male) |
| 20:19 | Create | Villager (Male) |
| 20:27 | Build | Farm |
| 20:35 | Create | Villager (Male) |
| 20:35 | Create | Villager (Male) |
| 20:37 | Build | Farm |
| 20:42 | Build | Farm |
| 20:45 | Build | Farm |
| 20:49 | Build | Farm |
| 20:53 | Create | Villager (Male) |
| 20:53 | Create | Villager (Male) |
| 21:00 | Create | Hussite Wagon |
| 21:05 | Create | Villager (Male) |
| 21:14 | Create | Villager (Male) |
| 21:14 | Create | Villager (Male) |
| 21:28 | Create | Hussite Wagon |
| 21:30 | Create | Villager (Male) |
| 21:30 | Create | Villager (Male) |
| 21:49 | Build | Siege Workshop |
| 21:52 | Create | Villager (Male) |
| 21:53 | Create | Villager (Male) |
| 21:53 | Create | Villager (Male) |
| 21:59 | Create | Villager (Male) |
| 21:59 | Create | Villager (Male) |
| 22:04 | Build | Farm |
| 22:24 | Build | Town Center |
| 22:28 | Create | Villager (Male) |
| 22:28 | Create | Villager (Male) |
| 22:48 | Create | Mangonel |
| 23:00 | Create | Villager (Male) |
| 23:00 | Create | Villager (Male) |
| 23:07 | Create | Hussite Wagon |
| 23:08 | Create | Hussite Wagon |
| 23:13 | Build | Farm |
| 23:15 | Build | Farm |
| 23:16 | Build | Farm |
| 23:17 | Build | Farm |
| 23:17 | Build | Farm |
| 23:18 | Build | Farm |
| 23:18 | Build | Farm |
| 23:28 | Create | Villager (Male) |
| 23:29 | Create | Villager (Male) |
| 23:33 | Create | Villager (Male) |
| 23:33 | Create | Villager (Male) |
| 23:42 | Build | Farm |
| 23:43 | Build | Farm |
| 23:44 | Build | Farm |
| 23:45 | Build | Farm |
| 23:45 | Build | Farm |
| 23:46 | Build | Farm |
| 23:46 | Build | Farm |
| 23:46 | Build | Farm |
Build order — moneyfusion06
First 150 of 371 actions detected
| 0:01 | Create | Villager (Male) |
| 0:02 | Create | Villager (Male) |
| 0:03 | Build | House |
| 0:05 | Build | House |
| 0:14 | Create | Villager (Male) |
| 0:14 | Create | Villager (Male) |
| 1:26 | Create | Villager (Male) |
| 1:31 | Build | Lumber Camp |
| 1:48 | Create | Villager (Male) |
| 2:20 | Create | Villager (Male) |
| 2:55 | Research | Loom |
| 3:01 | Create | Villager (Male) |
| 3:31 | Create | Villager (Male) |
| 3:56 | Build | House |
| 4:08 | Create | Villager (Male) |
| 4:09 | Create | Villager (Male) |
| 4:09 | Create | Villager (Male) |
| 4:55 | Create | Villager (Male) |
| 5:39 | Create | Villager (Male) |
| 5:56 | Build | Mining Camp |
| 6:03 | Create | Villager (Male) |
| 6:22 | Build | House |
| 6:26 | Build | Mill |
| 6:32 | Create | Villager (Male) |
| 6:32 | Create | Villager (Male) |
| 7:12 | Create | Villager (Male) |
| 7:27 | Create | Villager (Male) |
| 8:11 | Create | Villager (Male) |
| 8:47 | Research | Feudal Age |
| 10:04 | Build | House |
| 10:57 | Age | Feudal Age |
| 10:59 | Create | Villager (Male) |
| 10:59 | Create | Villager (Male) |
| 11:11 | Build | Blacksmith |
| 11:20 | Build | Market |
| 11:36 | Create | Villager (Male) |
| 12:09 | Research | Castle Age |
| 12:37 | Research | Horse Collar |
| 12:40 | Research | Double-Bit Axe |
| 13:32 | Build | Farm |
| 13:33 | Build | Farm |
| 13:42 | Build | House |
| 13:45 | Build | House |
| 13:48 | Build | Farm |
| 13:56 | Build | Farm |
| 14:02 | Create | Villager (Male) |
| 14:46 | Create | Villager (Male) |
| 14:54 | Age | Castle Age |
| 14:56 | Build | Town Center |
| 15:02 | Build | Town Center |
| 15:05 | Research | Bow Saw |
| 15:07 | Create | Villager (Male) |
| 15:50 | Research | Heavy Plow |
| 16:00 | Create | Villager (Male) |
| 16:09 | Build | Farm |
| 16:16 | Create | Villager (Male) |
| 16:20 | Create | Villager (Male) |
| 16:20 | Create | Villager (Male) |
| 16:23 | Build | Farm |
| 16:26 | Create | Villager (Male) |
| 16:30 | Build | Farm |
| 16:35 | Build | Farm |
| 16:46 | Build | Farm |
| 16:54 | Build | Farm |
| 17:06 | Build | Farm |
| 17:08 | Create | Villager (Male) |
| 17:12 | Build | Farm |
| 17:14 | Build | Farm |
| 17:19 | Create | Villager (Male) |
| 17:24 | Build | Farm |
| 17:27 | Build | Farm |
| 17:33 | Build | Farm |
| 17:37 | Build | Farm |
| 17:40 | Create | Villager (Male) |
| 17:46 | Build | Farm |
| 17:49 | Create | Villager (Male) |
| 18:11 | Build | Monastery |
| 18:17 | Build | Farm |
| 18:17 | Create | Villager (Male) |
| 18:18 | Create | Villager (Male) |
| 18:20 | Create | Villager (Male) |
| 18:29 | Build | Farm |
| 18:35 | Build | Farm |
| 18:38 | Create | Villager (Male) |
| 18:40 | Create | Villager (Male) |
| 18:46 | Create | Villager (Male) |
| 18:53 | Build | Farm |
| 18:57 | Create | Villager (Male) |
| 18:59 | Create | Monk |
| 19:04 | Research | Fervor |
| 19:20 | Build | House |
| 19:22 | Build | House |
| 19:22 | Create | Villager (Male) |
| 19:24 | Create | Villager (Male) |
| 19:24 | Create | Villager (Male) |
| 19:28 | Build | Farm |
| 19:35 | Create | Villager (Male) |
| 19:40 | Build | House |
| 19:44 | Build | Farm |
| 19:51 | Research | Wheelbarrow |
| 20:01 | Research | Town Watch |
| 20:06 | Create | Villager (Male) |
| 20:17 | Build | Farm |
| 20:21 | Create | Villager (Male) |
| 20:40 | Create | Monk |
| 20:42 | Create | Villager (Male) |
| 20:43 | Create | Villager (Male) |
| 20:43 | Create | Villager (Male) |
| 20:56 | Build | Town Center |
| 20:58 | Create | Villager (Male) |
| 21:04 | Build | House |
| 21:04 | Build | House |
| 21:05 | Build | House |
| 21:28 | Build | Market |
| 21:29 | Create | Villager (Male) |
| 21:29 | Create | Villager (Male) |
| 21:29 | Create | Villager (Male) |
| 21:32 | Research | Hand Cart |
| 21:41 | Create | Villager (Male) |
| 21:52 | Create | Villager (Male) |
| 22:16 | Create | Villager (Male) |
| 22:16 | Create | Villager (Male) |
| 22:18 | Create | Villager (Male) |
| 22:21 | Build | Farm |
| 22:23 | Build | Farm |
| 22:23 | Build | Farm |
| 22:26 | Build | Farm |
| 22:31 | Create | Villager (Male) |
| 22:38 | Create | Trade Cart |
| 22:39 | Create | Trade Cart |
| 22:41 | Create | Villager (Male) |
| 22:42 | Create | Villager (Male) |
| 22:46 | Build | House |
| 22:46 | Build | House |
| 22:59 | Create | Villager (Male) |
| 23:00 | Create | Villager (Male) |
| 23:01 | Create | Villager (Male) |
| 23:02 | Create | Villager (Male) |
| 23:13 | Create | Villager (Male) |
| 23:15 | Create | Villager (Male) |
| 23:22 | Research | Town Watch |
| 23:31 | Build | Lumber Camp |
| 23:35 | Build | Farm |
| 23:40 | Build | Farm |
| 23:43 | Build | Mining Camp |
| 23:43 | Create | Villager (Male) |
| 23:44 | Create | Villager (Male) |
| 23:44 | Create | Villager (Male) |
| 23:45 | Create | Villager (Male) |
| 23:50 | Create | Trade Cart |
Build order — Anago
First 150 of 507 actions detected
| 0:01 | Create | Villager (Male) |
| 0:01 | Create | Villager (Male) |
| 0:01 | Create | Villager (Male) |
| 0:02 | Create | Villager (Male) |
| 0:04 | Build | House |
| 0:06 | Build | House |
| 0:29 | Create | Villager (Male) |
| 1:35 | Create | Villager (Male) |
| 1:36 | Create | Villager (Male) |
| 1:48 | Build | Lumber Camp |
| 2:05 | Create | Villager (Male) |
| 2:05 | Create | Villager (Male) |
| 2:25 | Create | Villager (Male) |
| 2:52 | Build | House |
| 3:01 | Create | Villager (Male) |
| 3:01 | Create | Villager (Male) |
| 3:27 | Create | Villager (Male) |
| 3:28 | Create | Villager (Male) |
| 3:52 | Create | Villager (Male) |
| 4:01 | Create | Villager (Male) |
| 4:02 | Create | Villager (Male) |
| 4:30 | Create | Villager (Male) |
| 4:31 | Create | Villager (Male) |
| 4:40 | Build | House |
| 4:42 | Build | House |
| 5:06 | Create | Villager (Male) |
| 5:24 | Create | Villager (Male) |
| 5:24 | Create | Villager (Male) |
| 5:24 | Create | Villager (Male) |
| 5:32 | Create | Villager (Male) |
| 5:33 | Create | Villager (Male) |
| 5:55 | Create | Villager (Male) |
| 5:56 | Create | Villager (Male) |
| 6:06 | Build | Mill |
| 7:13 | Create | Villager (Male) |
| 7:16 | Build | Mining Camp |
| 7:48 | Create | Villager (Male) |
| 8:18 | Research | Loom |
| 8:33 | Research | Feudal Age |
| 10:50 | Age | Feudal Age |
| 10:52 | Build | Market |
| 10:54 | Build | Blacksmith |
| 10:58 | Create | Villager (Male) |
| 10:58 | Create | Villager (Male) |
| 11:25 | Build | House |
| 12:08 | Create | Villager (Male) |
| 12:29 | Research | Castle Age |
| 12:46 | Build | Barracks |
| 12:55 | Research | Double-Bit Axe |
| 12:59 | Research | Horse Collar |
| 13:43 | Build | House |
| 13:44 | Build | House |
| 14:01 | Build | Farm |
| 14:02 | Build | Farm |
| 14:09 | Create | Villager (Male) |
| 14:43 | Build | Farm |
| 14:44 | Build | Farm |
| 14:48 | Create | Villager (Male) |
| 14:56 | Age | Castle Age |
| 15:04 | Research | Heavy Plow |
| 15:10 | Create | Villager (Male) |
| 15:29 | Build | Stable |
| 15:53 | Build | Farm |
| 16:00 | Create | Villager (Male) |
| 16:15 | Build | Farm |
| 16:18 | Create | Villager (Male) |
| 16:18 | Create | Villager (Male) |
| 16:22 | Build | Farm |
| 16:26 | Create | Knight |
| 16:27 | Create | Knight |
| 16:27 | Create | Knight |
| 16:27 | Create | Knight |
| 16:36 | Build | House |
| 16:46 | Build | Farm |
| 16:50 | Build | Farm |
| 16:54 | Build | Farm |
| 16:58 | Create | Villager (Male) |
| 17:06 | Create | Knight |
| 17:09 | Build | House |
| 17:11 | Create | Villager (Male) |
| 17:14 | Build | Farm |
| 17:23 | Create | Villager (Male) |
| 17:39 | Build | Farm |
| 17:52 | Build | House |
| 17:56 | Create | Villager (Male) |
| 17:59 | Build | Farm |
| 18:03 | Create | Knight |
| 18:17 | Build | Town Center |
| 18:20 | Create | Villager (Male) |
| 18:30 | Build | House |
| 18:35 | Create | Villager (Male) |
| 18:40 | Build | Farm |
| 18:51 | Create | Villager (Male) |
| 18:55 | Create | Knight |
| 19:06 | Build | Palisade Gate |
| 19:09 | Build | House |
| 19:10 | Build | House |
| 19:16 | Create | Knight |
| 19:16 | Create | Knight |
| 19:20 | Create | Villager (Male) |
| 19:30 | Build | Farm |
| 19:34 | Create | Villager (Male) |
| 19:38 | Create | Villager (Male) |
| 19:51 | Build | House |
| 20:01 | Create | Villager (Male) |
| 20:02 | Create | Villager (Male) |
| 20:03 | Create | Villager (Male) |
| 20:07 | Build | Farm |
| 20:16 | Build | Farm |
| 20:17 | Build | Farm |
| 20:19 | Create | Villager (Male) |
| 20:27 | Build | House |
| 20:45 | Build | Farm |
| 20:46 | Build | Farm |
| 20:54 | Build | Farm |
| 20:57 | Create | Villager (Male) |
| 20:57 | Create | Villager (Male) |
| 20:58 | Create | Villager (Male) |
| 20:58 | Create | Villager (Male) |
| 21:10 | Build | House |
| 21:20 | Create | Villager (Male) |
| 21:46 | Build | Town Center |
| 21:49 | Create | Villager (Male) |
| 21:52 | Create | Villager (Male) |
| 21:53 | Create | Villager (Male) |
| 22:20 | Build | Gate |
| 22:29 | Build | House |
| 22:31 | Build | House |
| 22:32 | Build | House |
| 22:33 | Build | House |
| 22:35 | Create | Villager (Male) |
| 22:35 | Create | Villager (Male) |
| 22:45 | Research | Wheelbarrow |
| 22:48 | Research | Bow Saw |
| 22:57 | Build | Farm |
| 22:59 | Build | Farm |
| 23:04 | Build | Farm |
| 23:06 | Create | Villager (Male) |
| 23:06 | Create | Villager (Male) |
| 23:06 | Create | Villager (Male) |
| 23:07 | Create | Villager (Male) |
| 23:22 | Create | Villager (Male) |
| 23:22 | Create | Villager (Male) |
| 23:23 | Create | Villager (Male) |
| 23:45 | Create | Villager (Male) |
| 23:50 | Build | Town Center |
| 23:54 | Create | Villager (Male) |
| 23:55 | Create | Villager (Male) |
| 24:16 | Build | Farm |
| 24:17 | Build | Farm |
Build order — Pozithron
First 150 of 487 actions detected
| 0:01 | Create | Villager (Male) |
| 0:02 | Build | House |
| 0:03 | Build | House |
| 0:07 | Create | Villager (Male) |
| 0:07 | Create | Villager (Male) |
| 0:13 | Create | Villager (Male) |
| 0:13 | Create | Villager (Male) |
| 0:29 | Build | Palisade Wall |
| 1:51 | Create | Villager (Male) |
| 1:51 | Create | Villager (Male) |
| 2:15 | Build | House |
| 2:20 | Create | Villager (Male) |
| 2:44 | Create | Villager (Male) |
| 2:44 | Create | Villager (Male) |
| 2:49 | Build | Lumber Camp |
| 3:12 | Create | Villager (Male) |
| 3:13 | Create | Villager (Male) |
| 3:30 | Create | Villager (Male) |
| 3:31 | Create | Villager (Male) |
| 4:03 | Create | Villager (Male) |
| 4:03 | Create | Villager (Male) |
| 4:25 | Research | Loom |
| 4:26 | Create | Villager (Male) |
| 4:27 | Create | Villager (Male) |
| 4:34 | Build | Mill |
| 4:44 | Create | Villager (Male) |
| 4:44 | Create | Villager (Male) |
| 5:03 | Build | House |
| 5:46 | Create | Villager (Male) |
| 5:47 | Create | Villager (Male) |
| 5:47 | Create | Villager (Male) |
| 5:57 | Create | Villager (Male) |
| 5:58 | Create | Villager (Male) |
| 6:31 | Build | Palisade Wall |
| 6:36 | Build | Palisade Wall |
| 6:44 | Create | Villager (Male) |
| 6:48 | Build | Palisade Wall |
| 6:54 | Build | Palisade Wall |
| 7:01 | Create | Villager (Male) |
| 7:01 | Create | Villager (Male) |
| 7:20 | Create | Villager (Male) |
| 8:12 | Build | Mining Camp |
| 8:19 | Build | Farm |
| 8:21 | Build | Farm |
| 8:22 | Build | Farm |
| 8:52 | Research | Feudal Age |
| 9:11 | Build | Farm |
| 9:56 | Build | House |
| 10:42 | Build | Barracks |
| 11:01 | Create | Villager (Male) |
| 11:17 | Age | Feudal Age |
| 11:20 | Create | Villager (Male) |
| 11:23 | Build | Market |
| 11:34 | Build | Mill |
| 11:49 | Build | Palisade Wall |
| 11:50 | Build | Palisade Wall |
| 11:51 | Build | Palisade Wall |
| 11:52 | Create | Villager (Male) |
| 12:23 | Build | Archery Range |
| 12:28 | Create | Villager (Male) |
| 12:56 | Create | Villager (Male) |
| 13:05 | Research | Castle Age |
| 13:05 | Research | Castle Age |
| 13:17 | Build | Lumber Camp |
| 13:34 | Research | Double-Bit Axe |
| 13:44 | Create | Skirmisher |
| 13:58 | Research | Horse Collar |
| 14:22 | Build | Farm |
| 14:24 | Build | Farm |
| 14:28 | Create | Villager (Male) |
| 14:50 | Create | Villager (Male) |
| 15:45 | Age | Castle Age |
| 15:55 | Build | Blacksmith |
| 15:56 | Create | Villager (Male) |
| 15:56 | Create | Villager (Male) |
| 16:03 | Create | Villager (Male) |
| 16:05 | Create | Villager (Male) |
| 16:27 | Build | Town Center |
| 16:39 | Build | Outpost |
| 16:40 | Research | Town Watch |
| 16:42 | Create | Villager (Male) |
| 16:43 | Create | Villager (Male) |
| 16:48 | Build | Palisade Wall |
| 16:52 | Create | Villager (Male) |
| 16:56 | Build | Siege Workshop |
| 17:14 | Research | Bow Saw |
| 17:18 | Research | Wheelbarrow |
| 17:19 | Create | Villager (Male) |
| 17:19 | Create | Villager (Male) |
| 17:31 | Create | Villager (Male) |
| 17:46 | Build | House |
| 17:46 | Build | House |
| 17:53 | Create | Mangonel |
| 17:58 | Create | Villager (Male) |
| 18:14 | Build | Stone Wall |
| 18:17 | Create | Villager (Male) |
| 18:23 | Build | Mining Camp |
| 18:28 | Research | Stone Mining |
| 18:44 | Create | Villager (Male) |
| 18:48 | Create | Villager (Male) |
| 18:55 | Create | Mangonel |
| 19:17 | Build | Stone Wall |
| 19:19 | Create | Villager (Male) |
| 19:20 | Create | Villager (Male) |
| 19:22 | Create | Mangonel |
| 19:55 | Create | Villager (Male) |
| 19:55 | Create | Villager (Male) |
| 20:03 | Build | Farm |
| 20:03 | Build | Farm |
| 20:03 | Build | Farm |
| 20:03 | Build | Farm |
| 20:04 | Build | Farm |
| 20:04 | Build | Farm |
| 20:04 | Build | Farm |
| 20:04 | Build | Farm |
| 20:26 | Build | House |
| 20:54 | Build | Mining Camp |
| 20:59 | Build | Lumber Camp |
| 21:03 | Build | Farm |
| 21:04 | Build | Farm |
| 21:04 | Build | Farm |
| 21:04 | Build | Farm |
| 21:04 | Build | Farm |
| 21:08 | Build | Farm |
| 21:08 | Build | Farm |
| 21:08 | Build | Farm |
| 21:08 | Build | Farm |
| 21:08 | Build | Farm |
| 21:09 | Build | Farm |
| 21:11 | Create | Villager (Male) |
| 21:11 | Create | Villager (Male) |
| 21:33 | Create | Villager (Male) |
| 21:33 | Create | Villager (Male) |
| 21:43 | Create | Villager (Male) |
| 21:44 | Create | Villager (Male) |
| 21:44 | Create | Villager (Male) |
| 21:45 | Build | Farm |
| 21:49 | Build | Farm |
| 21:53 | Create | Villager (Male) |
| 22:04 | Create | Villager (Male) |
| 22:14 | Create | Villager (Male) |
| 22:16 | Create | Villager (Male) |
| 22:22 | Build | Town Center |
| 22:24 | Create | Villager (Male) |
| 22:56 | Build | Palisade Gate |
| 22:57 | Build | Palisade Wall |
| 23:03 | Create | Villager (Male) |
| 23:04 | Create | Villager (Male) |
| 23:06 | Build | Farm |
| 23:07 | Build | Farm |
Build order — 結城結弦
First 150 of 449 actions detected
| 0:03 | Create | Villager (Male) |
| 0:03 | Create | Villager (Male) |
| 0:04 | Create | Villager (Male) |
| 0:05 | Build | House |
| 0:06 | Build | House |
| 0:10 | Create | Villager (Male) |
| 1:26 | Create | Villager (Male) |
| 2:00 | Build | Lumber Camp |
| 2:15 | Create | Villager (Male) |
| 2:16 | Create | Villager (Male) |
| 2:28 | Create | Villager (Male) |
| 2:55 | Create | Villager (Male) |
| 2:56 | Create | Villager (Male) |
| 3:03 | Research | Loom |
| 3:22 | Create | Villager (Male) |
| 3:22 | Create | Villager (Male) |
| 3:33 | Build | House |
| 3:41 | Create | Villager (Male) |
| 4:02 | Create | Villager (Male) |
| 4:02 | Create | Villager (Male) |
| 4:08 | Build | House |
| 5:06 | Create | Villager (Male) |
| 5:07 | Create | Villager (Male) |
| 5:07 | Create | Villager (Male) |
| 5:20 | Build | Mill |
| 5:21 | Create | Villager (Male) |
| 5:40 | Create | Villager (Male) |
| 5:53 | Create | Villager (Male) |
| 6:11 | Create | Villager (Male) |
| 6:11 | Create | Villager (Male) |
| 6:47 | Create | Villager (Male) |
| 7:03 | Build | Mining Camp |
| 7:04 | Create | Villager (Male) |
| 7:55 | Create | Villager (Male) |
| 8:05 | Build | House |
| 8:10 | Build | Mining Camp |
| 8:47 | Create | Villager (Male) |
| 8:47 | Create | Villager (Male) |
| 8:47 | Create | Villager (Male) |
| 9:19 | Research | Feudal Age |
| 10:57 | Create | Villager (Male) |
| 10:57 | Create | Villager (Male) |
| 11:30 | Create | Villager (Male) |
| 11:56 | Age | Feudal Age |
| 12:00 | Build | Market |
| 12:02 | Build | Blacksmith |
| 12:19 | Research | Double-Bit Axe |
| 12:25 | Research | Horse Collar |
| 12:52 | Research | Castle Age |
| 13:23 | Build | Lumber Camp |
| 13:45 | Build | House |
| 14:34 | Build | Farm |
| 14:36 | Build | Farm |
| 14:38 | Build | Farm |
| 14:40 | Build | Farm |
| 14:43 | Build | Farm |
| 14:45 | Create | Villager (Male) |
| 14:55 | Build | Farm |
| 14:58 | Build | Farm |
| 15:00 | Create | Villager (Male) |
| 15:35 | Create | Villager (Male) |
| 15:51 | Age | Castle Age |
| 16:01 | Build | Town Center |
| 16:03 | Research | Bow Saw |
| 16:03 | Research | Bow Saw |
| 16:04 | Create | Villager (Male) |
| 16:09 | Build | Monastery |
| 16:35 | Create | Villager (Male) |
| 16:46 | Create | Monk |
| 16:53 | Create | Villager (Male) |
| 17:05 | Build | Town Center |
| 17:10 | Create | Villager (Male) |
| 17:10 | Create | Villager (Male) |
| 17:17 | Build | Farm |
| 17:19 | Build | Farm |
| 17:28 | Create | Villager (Male) |
| 17:30 | Create | Villager (Male) |
| 17:33 | Build | Farm |
| 17:37 | Build | Farm |
| 17:46 | Create | Villager (Male) |
| 17:48 | Build | Farm |
| 18:10 | Create | Villager (Male) |
| 18:13 | Build | Farm |
| 18:17 | Build | Farm |
| 18:22 | Create | Villager (Male) |
| 18:23 | Create | Villager (Male) |
| 18:25 | Build | Farm |
| 18:28 | Build | Farm |
| 18:33 | Create | Villager (Male) |
| 18:37 | Build | Farm |
| 18:40 | Create | Villager (Male) |
| 18:43 | Research | Gold Mining |
| 18:44 | Research | Gold Mining |
| 18:49 | Create | Villager (Male) |
| 18:58 | Build | Farm |
| 19:05 | Create | Villager (Male) |
| 19:10 | Create | Villager (Male) |
| 19:17 | Build | House |
| 19:24 | Build | Farm |
| 19:33 | Research | Wheelbarrow |
| 19:34 | Research | Wheelbarrow |
| 19:41 | Research | Town Watch |
| 19:51 | Build | House |
| 19:52 | Build | House |
| 19:57 | Create | Villager (Male) |
| 20:04 | Build | Town Center |
| 20:20 | Create | Villager (Male) |
| 20:30 | Build | Castle |
| 20:37 | Build | House |
| 20:41 | Create | Villager (Male) |
| 20:43 | Create | Villager (Male) |
| 20:43 | Create | Villager (Male) |
| 20:52 | Create | Villager (Male) |
| 20:57 | Create | Villager (Male) |
| 21:02 | Create | Villager (Male) |
| 21:16 | Create | Villager (Male) |
| 21:20 | Build | Farm |
| 21:22 | Build | Farm |
| 21:32 | Create | Villager (Male) |
| 21:33 | Create | Villager (Male) |
| 21:39 | Create | Villager (Male) |
| 21:41 | Create | Villager (Male) |
| 21:51 | Build | Mill |
| 21:52 | Build | Farm |
| 21:58 | Build | Farm |
| 21:59 | Build | Farm |
| 22:00 | Build | Farm |
| 22:03 | Create | Villager (Male) |
| 22:04 | Create | Villager (Male) |
| 22:05 | Build | Farm |
| 22:06 | Create | Villager (Male) |
| 22:09 | Build | Farm |
| 22:11 | Build | Farm |
| 22:15 | Build | Farm |
| 22:21 | Create | Villager (Male) |
| 22:25 | Build | Mining Camp |
| 22:28 | Research | Gold Shaft Mining |
| 22:30 | Create | Villager (Male) |
| 22:38 | Build | Mining Camp |
| 22:55 | Create | Villager (Male) |
| 22:57 | Create | Villager (Male) |
| 22:58 | Create | Villager (Male) |
| 23:03 | Create | Villager (Male) |
| 23:04 | Create | Villager (Male) |
| 23:20 | Create | Villager (Male) |
| 23:26 | Build | University |
| 23:32 | Create | Villager (Male) |
| 23:36 | Create | Villager (Male) |
| 23:37 | Create | Villager (Male) |
| 23:40 | Create | Villager (Male) |
Build order — Ducky4302
First 150 of 464 actions detected
| 0:02 | Create | Villager (Male) |
| 0:02 | Create | Villager (Male) |
| 0:02 | Create | Villager (Male) |
| 0:04 | Build | House |
| 0:05 | Build | House |
| 0:34 | Create | Villager (Male) |
| 0:35 | Create | Villager (Male) |
| 1:24 | Create | Villager (Male) |
| 2:01 | Build | Lumber Camp |
| 2:06 | Create | Villager (Male) |
| 2:06 | Create | Villager (Male) |
| 2:31 | Create | Villager (Male) |
| 2:31 | Create | Villager (Male) |
| 2:58 | Create | Villager (Male) |
| 2:58 | Create | Villager (Male) |
| 3:28 | Build | House |
| 3:43 | Create | Villager (Male) |
| 4:02 | Build | Mill |
| 4:09 | Create | Villager (Male) |
| 4:09 | Create | Villager (Male) |
| 5:03 | Create | Villager (Male) |
| 5:03 | Create | Villager (Male) |
| 5:25 | Build | House |
| 5:32 | Create | Villager (Male) |
| 5:32 | Create | Villager (Male) |
| 5:50 | Create | Villager (Male) |
| 5:51 | Create | Villager (Male) |
| 6:46 | Create | Villager (Male) |
| 6:46 | Create | Villager (Male) |
| 7:41 | Create | Villager (Male) |
| 7:41 | Create | Villager (Male) |
| 8:14 | Build | Mining Camp |
| 8:29 | Research | Feudal Age |
| 9:19 | Build | House |
| 9:33 | Build | Palisade Wall |
| 10:41 | Age | Feudal Age |
| 10:42 | Create | Villager (Male) |
| 10:42 | Create | Villager (Male) |
| 10:44 | Build | Market |
| 10:46 | Build | Blacksmith |
| 11:32 | Research | Castle Age |
| 11:58 | Build | Lumber Camp |
| 12:33 | Build | House |
| 12:34 | Build | House |
| 12:40 | Build | House |
| 12:54 | Research | Double-Bit Axe |
| 12:57 | Research | Horse Collar |
| 14:06 | Build | House |
| 14:08 | Build | House |
| 14:10 | Build | House |
| 14:12 | Age | Castle Age |
| 14:13 | Create | Villager (Male) |
| 14:13 | Create | Villager (Male) |
| 14:15 | Build | Town Center |
| 14:17 | Build | Town Center |
| 14:59 | Create | Villager (Male) |
| 15:13 | Build | Town Center |
| 15:25 | Create | Villager (Male) |
| 15:29 | Build | Farm |
| 15:31 | Build | Farm |
| 15:35 | Create | Villager (Male) |
| 15:37 | Create | Villager (Male) |
| 15:40 | Build | Farm |
| 15:51 | Create | Villager (Male) |
| 15:51 | Create | Villager (Male) |
| 15:55 | Build | Farm |
| 15:59 | Build | Farm |
| 16:01 | Build | Farm |
| 16:05 | Create | Villager (Male) |
| 16:05 | Create | Villager (Male) |
| 16:08 | Build | Farm |
| 16:26 | Build | Farm |
| 16:32 | Build | Farm |
| 16:35 | Build | Farm |
| 16:40 | Create | Villager (Male) |
| 16:40 | Create | Villager (Male) |
| 16:43 | Build | Farm |
| 16:44 | Create | Villager (Male) |
| 16:45 | Create | Villager (Male) |
| 16:50 | Build | Farm |
| 16:54 | Create | Villager (Male) |
| 16:54 | Create | Villager (Male) |
| 16:59 | Create | Villager (Male) |
| 16:59 | Create | Villager (Male) |
| 17:03 | Build | Farm |
| 17:08 | Research | Loom |
| 17:14 | Build | Farm |
| 17:16 | Build | Farm |
| 17:19 | Create | Villager (Male) |
| 17:19 | Create | Villager (Male) |
| 17:21 | Build | Farm |
| 17:28 | Create | Villager (Male) |
| 17:28 | Create | Villager (Male) |
| 17:33 | Build | Farm |
| 17:39 | Build | Farm |
| 17:43 | Create | Villager (Male) |
| 17:44 | Create | Villager (Male) |
| 17:44 | Create | Villager (Male) |
| 17:48 | Build | Farm |
| 17:56 | Create | Villager (Male) |
| 17:57 | Create | Villager (Male) |
| 18:01 | Create | Villager (Male) |
| 18:01 | Create | Villager (Male) |
| 18:11 | Create | Villager (Male) |
| 18:11 | Create | Villager (Male) |
| 18:20 | Build | Barracks |
| 18:23 | Create | Villager (Male) |
| 18:33 | Create | Villager (Male) |
| 18:33 | Create | Villager (Male) |
| 18:37 | Build | Farm |
| 18:41 | Build | Farm |
| 18:44 | Build | Farm |
| 18:46 | Build | Farm |
| 18:49 | Create | Villager (Male) |
| 18:49 | Create | Villager (Male) |
| 18:49 | Create | Villager (Male) |
| 18:49 | Create | Villager (Male) |
| 18:51 | Build | Farm |
| 18:55 | Build | Farm |
| 18:57 | Create | Villager (Male) |
| 19:04 | Create | Villager (Male) |
| 19:04 | Create | Villager (Male) |
| 19:09 | Build | Farm |
| 19:13 | Create | Villager (Male) |
| 19:14 | Create | Villager (Male) |
| 19:15 | Build | Farm |
| 19:38 | Create | Villager (Male) |
| 19:39 | Create | Villager (Male) |
| 19:39 | Create | Villager (Male) |
| 19:43 | Create | Villager (Male) |
| 19:43 | Create | Villager (Male) |
| 19:49 | Build | Farm |
| 19:51 | Build | Farm |
| 19:55 | Build | Archery Range |
| 19:58 | Create | Villager (Male) |
| 19:58 | Create | Villager (Male) |
| 20:00 | Create | Villager (Male) |
| 20:00 | Create | Villager (Male) |
| 20:01 | Create | Villager (Male) |
| 20:01 | Create | Villager (Male) |
| 20:08 | Create | Villager (Male) |
| 20:16 | Build | Farm |
| 20:21 | Build | Farm |
| 20:24 | Build | Farm |
| 20:27 | Build | Farm |
| 20:28 | Create | Villager (Male) |
| 20:28 | Create | Villager (Male) |
| 20:30 | Build | Farm |
| 20:31 | Create | Villager (Male) |
| 20:31 | Create | Villager (Male) |
Match timeline
| 0:29 | Pozithron · wall_segment Palisade Wall x10 |
| 0:32 | tanuki0912 · wall_segment Palisade Wall x16 |
| 0:50 | jetty8282-S.Korean · wall_segment Palisade Wall x12 |
| 1:14 | tanuki0912 · wall_segment Palisade Wall x8 |
| 1:36 | tanuki0912 · wall_segment Palisade Wall x9 |
| 2:03 | The_Only_Koala · wall_segment Palisade Wall x12 |
| 2:14 | jetty8282-S.Korean · wall_segment Palisade Wall x12 |
| 3:02 | jetty8282-S.Korean · wall_segment Palisade Wall x1 |
| 3:06 | The_Only_Koala · wall_segment Palisade Wall x9 |
| 4:38 | jetty8282-S.Korean · wall_segment Palisade Wall x2 |
| 5:12 | The_Only_Koala · wall_segment Palisade Wall x9 |
| 6:31 | Pozithron · wall_segment Palisade Wall x1 |
| 6:36 | Pozithron · wall_segment Palisade Wall x1 |
| 6:48 | Pozithron · wall_segment Palisade Wall x1 |
| 6:54 | Pozithron · wall_segment Palisade Wall x1 |
| 9:33 | Ducky4302 · wall_segment Palisade Wall x1 |
| 10:41 | Ducky4302 · age_up feudal |
| 10:42 | Pozithron · first_building Barracks |
| 10:50 | Anago · age_up feudal |
| 10:57 | moneyfusion06 · age_up feudal |
| 11:17 | Pozithron · age_up feudal |
| 11:38 | The_Only_Koala · age_up feudal |
| 11:49 | Pozithron · wall_segment Palisade Wall x1 |
| 11:50 | Pozithron · wall_segment Palisade Wall x1 |
| 11:51 | Pozithron · wall_segment Palisade Wall x1 |
| 11:56 | 結城結弦 · age_up feudal |
| 12:00 | jetty8282-S.Korean · age_up feudal |
| 12:23 | Pozithron · first_building Archery Range |
| 12:30 | tanuki0912 · age_up feudal |
| 12:46 | Anago · first_building Barracks |
| 13:43 | jetty8282-S.Korean · wall_segment Stone Wall x8 |
| 13:45 | jetty8282-S.Korean · wall_segment Stone Wall x1 |
| 13:46 | jetty8282-S.Korean · wall_segment Stone Wall x1 |
| 13:58 | jetty8282-S.Korean · wall_segment Stone Wall x10 |
| 14:07 | tanuki0912 · wall_segment Stone Wall x1 |
| 14:09 | tanuki0912 · wall_segment Stone Wall x8 |
| 14:11 | tanuki0912 · wall_segment Stone Wall x3 |
| 14:12 | Ducky4302 · age_up castle |
| 14:36 | Ducky4302 · first_market_buy 100 stone |
| 14:54 | moneyfusion06 · age_up castle |
| 14:56 | Anago · age_up castle |
| 15:09 | jetty8282-S.Korean · wall_segment Stone Wall x1 |
| 15:29 | Anago · first_building Stable |
| 15:40 | The_Only_Koala · age_up castle |
| 15:45 | Pozithron · age_up castle |
| 15:51 | 結城結弦 · age_up castle |
| 16:09 | 結城結弦 · first_building Monastery |
| 16:12 | jetty8282-S.Korean · age_up castle |
| 16:13 | tanuki0912 · age_up castle |
| 16:17 | tanuki0912 · first_building Siege Workshop |
| 16:48 | Pozithron · wall_segment Palisade Wall x1 |
| 16:52 | jetty8282-S.Korean · first_market_buy 500 wood |
| 16:56 | Pozithron · first_building Siege Workshop |
| 17:35 | tanuki0912 · first_market_buy 100 wood |
| 18:11 | moneyfusion06 · first_building Monastery |
| 18:14 | Pozithron · wall_segment Stone Wall x8 |
| 18:20 | Ducky4302 · first_building Barracks |
| 18:46 | jetty8282-S.Korean · first_building Castle |
| 19:17 | Pozithron · wall_segment Stone Wall x9 |
| 19:55 | jetty8282-S.Korean · first_market_sell 500 stone |
| 19:55 | Ducky4302 · first_building Archery Range |
| 20:30 | 結城結弦 · first_building Castle |
| 20:39 | moneyfusion06 · first_market_sell 100 wood |
| 20:49 | moneyfusion06 · first_market_buy 100 stone |
| 21:49 | jetty8282-S.Korean · first_building Siege Workshop |
| 22:57 | Pozithron · wall_segment Palisade Wall x1 |
| 23:57 | Ducky4302 · first_building Monastery |
| 24:47 | 結城結弦 · first_building Barracks |
| 25:25 | Anago · first_building Monastery |
| 25:38 | jetty8282-S.Korean · first_building Monastery |
| 25:54 | Pozithron · first_building Castle |
| 26:21 | moneyfusion06 · first_building Castle |
| 26:27 | 結城結弦 · first_building Stable |
| 27:09 | Anago · wall_segment Stone Wall x1 |
| 27:12 | 結城結弦 · first_building Siege Workshop |
| 27:14 | Ducky4302 · first_building Stable |
| 27:30 | The_Only_Koala · first_building Monastery |
| 28:08 | Ducky4302 · first_building Castle |
| 28:27 | jetty8282-S.Korean · first_building Barracks |
| 28:27 | Pozithron · first_building Monastery |
| 28:42 | Ducky4302 · age_up imperial |
| 28:59 | 結城結弦 · age_up imperial |
| 29:12 | The_Only_Koala · first_building Barracks |
| 29:52 | moneyfusion06 · first_building Barracks |
| 29:56 | The_Only_Koala · first_building Castle |
| 30:51 | moneyfusion06 · first_building Siege Workshop |
| 31:04 | Pozithron · age_up imperial |
| 31:06 | Anago · first_building Castle |
| 31:12 | Ducky4302 · first_market_sell 100 wood |
| 31:21 | moneyfusion06 · age_up imperial |
| 31:24 | jetty8282-S.Korean · age_up imperial |
| 31:29 | Anago · wall_segment Stone Wall x12 |
| 31:44 | 結城結弦 · first_building Archery Range |
| 31:47 | The_Only_Koala · age_up imperial |
| 32:48 | tanuki0912 · first_building Castle |
| 33:19 | Anago · age_up imperial |
| 34:06 | tanuki0912 · age_up imperial |
| 34:47 | tanuki0912 · first_building Monastery |
| 36:43 | jetty8282-S.Korean · first_building Archery Range |
| 36:57 | The_Only_Koala · first_market_sell 500 wood |
| 37:21 | Anago · first_market_buy 100 stone |
| 39:14 | The_Only_Koala · first_building Archery Range |
| 40:02 | tanuki0912 · first_building Barracks |
| 40:25 | Anago · wall_segment Stone Wall x7 |
| 42:11 | Anago · wall_segment Stone Wall x20 |
| 42:42 | tanuki0912 · first_building Archery Range |
| 42:47 | Anago · first_market_sell 500 wood |
| 43:22 | moneyfusion06 · wall_segment Stone Wall x6 |
| 43:25 | moneyfusion06 · wall_segment Stone Wall x4 |
| 43:27 | moneyfusion06 · wall_segment Stone Wall x2 |
| 43:32 | moneyfusion06 · wall_segment Stone Wall x4 |
| 43:34 | moneyfusion06 · wall_segment Stone Wall x4 |
| 45:09 | Pozithron · wall_segment Stone Wall x1 |
| 46:02 | Ducky4302 · tribute_sent a jugador 1 |
| 46:02 | Ducky4302 · tribute_sent a jugador 2 |
| 46:02 | Ducky4302 · tribute_sent a jugador 3 |
| 46:02 | Ducky4302 · tribute_sent a jugador 4 |
| 46:02 | Ducky4302 · tribute_sent a jugador 5 |
| 46:02 | Ducky4302 · tribute_sent a jugador 6 |
| 46:02 | Ducky4302 · tribute_sent a jugador 8 |
| 46:46 | moneyfusion06 · resign |
[ AI ANALYSIS · 1 CREDIT ]
What really happened in this match?
Wolo.gg analyzes every decision: build order, eco, micro, common mistakes by bracket. Personalized analysis on WhatsApp or Discord in 30 seconds.
Civ guide
Celts
Map guide
Black Forest
Perfil
Jugador #3821880